 Dungeon Crawl Stone Soup version 0.21-a0-516-gaaff437 (webtiles) character file.

151 sagitran the Shield-Bearer (level 5, -2/46 HPs)
             Began as a Hill Orc Fighter on Dec 3, 2017.
             Slain by a gnoll
             ... wielding a +0 halberd
              (8 damage)
             ... on level 3 of the Dungeon.
             The game lasted 00:07:35 (1534 turns).

sagitran the Shield-Bearer (Hill Orc Fighter)       Turns: 1534, Time: 00:07:36

Health: -2/46      AC:  7    Str: 25    XL:     5   Next: 33%
Magic:  5/5        EV:  8    Int:  8    God:
Gold:   134        SH: 10    Dex: 10    Spells: 4/4 levels left

rFire    . . .     SeeInvis .   a - +0 war axe
rCold    . . .     Gourm    .   c - +0 shield
rNeg     . . .     Faith    .   b - +0 scale mail
rPois    .         Spirit   .   (no helmet)
rElec    .         Reflect  .   (no cloak)
rCorr    .         Harm     .   (no gloves)
MR       .....                  (no boots)
Stlth    +.........             (no amulet)
HPRegen  0.15/turn              l - ring of stealth
MPRegen  0.09/turn              (no ring)

@: mighty
A: no striking features
a: no special abilities


You were on level 3 of the Dungeon.
You were not hungry.

You visited 1 branch of the dungeon, and saw 3 of its levels.

You collected 134 gold pieces.

Inventory:

Hand Weapons
 a - a +0 war axe (weapon)
Armour
 b - a +0 scale mail (worn)
 c - a +0 shield (worn)
Jewellery
 l - a ring of stealth (left hand)
Scrolls
 e - 3 scrolls of teleportation {unknown}
 j - a scroll of fear {unknown}
 k - 3 scrolls of amnesia {unknown}
 n - 2 scrolls of identify
 o - 2 scrolls of remove curse {unknown}
 q - 2 scrolls of enchant armour {unknown}
Potions
 h - a potion of heal wounds {unknown}
 i - a potion of lignification {unknown}
 p - a potion of mutation {unknown}
Comestibles
 f - 2 bread rations
 g - 3 chunks of flesh
 m - 2 royal jellies


   Skills:
 + Level 4.2 Fighting
 + Level 4.1 Axes
 + Level 4.2 Armour
 + Level 0.2 Dodging
 + Level 4.8 Shields


You had 4 spell levels left.
You didn't know any spells.

Dungeon Overview and Level Annotations

Branches:
Dungeon (3/15)

Altars:
Okawaru
Trog


Message History

The gnoll hits you with a spear. The gnoll barely misses you.
Your shield and scale mail prevent you from hitting the gnoll.
The gnoll is moderately wounded.
The gnoll hits you with a spear.
* * * LOW HITPOINT WARNING * * *
You feel very mighty all of a sudden. The gnoll barely misses you.
You slash the gnoll!
You kill the gnoll!
You see here a spear.
Things that are here:
a club; a gnoll corpse You are feeling hungry.
Eat one of 4 chunks of flesh? (ye/n/q)
You eat one of the 4 chunks of flesh.
This raw flesh tastes terrible.
The gnoll shouts!
The gnoll hits you with a halberd!
* * * LOW HITPOINT WARNING * * *
You closely miss the gnoll. The gnoll hits you with a halberd!
You die...

#.# #.# #.#....#
###..###.#
#.#..#.# #
.........#
#......#.#
.........#
###....#.#
.........#
#<#......#
.........#
#.###..###
........# #.#
#..#
###..##.###.#
#g.#
#.......#.###@.#
#..##.#.#......#
#...#(#.....##.#
#.#.#.#......#.#
#.#...#.###..#.#
#.##..#.# #..#..
#.##..#.# ######
#.###.#..
#.###.###


You could see a gnoll.

Vanquished Creatures
  3 adders
  5 gnolls
  3 oozes
  2 worms (D:3)
  2 dart slugs
  3 leopard geckos
  5 bats (D:1)
  A giant cockroach (D:3)
  7 goblins
  4 hobgoblins
  5 jackals
  5 kobolds
  A quokka (D:3)
  2 ball pythons (D:1)
  A frilled lizard (D:3)
  4 rats
53 creatures vanquished.

Notes
Turn   | Place    | Note
-------+----------+-------------------------------------------
     0 | D:1      | sagitran the Hill Orc Fighter began the quest for the Orb.
     0 | D:1      | Reached XP level 1. HP: 19/19 MP: 1/1
    59 | D:1      | Reached XP level 2. HP: 23/27 MP: 2/2
   272 | D:1      | Reached XP level 3. HP: 30/33 MP: 3/3
   583 | D:2      | Found a bloodstained altar of Trog.
   719 | D:2      | Reached XP level 4. HP: 40/40 MP: 4/4
  1276 | D:3      | Found an iron altar of Okawaru.
  1354 | D:3      | Reached XP level 5. HP: 31/46 MP: 5/5
  1534 | D:3      | Slain by a gnoll

Vault maps used:
D:1:      sevenhm_arrival_forest_fort_large_3
D:2:      nicolae_overflow_crystal_walls, serial_glass, glass_columns_c,
          glass_columns_c, glass_columns_a
D:3:      lemuel_doored_altar, okawaru_metal_pillars_1_2

Skill      XL: |  1  2  3  4  5 |
---------------+----------------+-----
Axes           | 3 4 |  4.1
Fighting       | 4 |  4.2
Armour         | 4 |  4.2
Shields        | 4 |  4.8
Dodging        | |  0.2

Action                   |  1- 3 |  4- 6 || total
-------------------------+-------+-------++-------
Melee: War axe           |    90 |    97 ||   187
  Use: Scroll            |     1 |     1 ||     2
       Potion            |       |     1 ||     1
  Eat: Chunk             |       |     3 ||     3
Armor: Scale mail        |    58 |    36 ||    94
Dodge: Dodged            |    31 |    37 ||    68
Block: Shield            |    62 |    67 ||   129

Table legend:
 A = Spawn XP
 B = Non-spawn XP
 C = Spawn XP percentage of total XP
 D = Spawn monster count
 E = Non-spawn monster count
 F = Spawn count percentage of total count
 G = Total turns spent on level
                    A         B        C        D         E        F      G
               +---------+---------+-------+---------+---------+-------+---------
         Total |       0 |     217 |   0.0 |       0 |      53 |   0.0 |  1534
               +---------+---------+-------+---------+---------+-------+---------
           D:1 |       0 |      54 |   0.0 |       0 |      25 |   0.0 |   553
           D:2 |       0 |      76 |   0.0 |       0 |      12 |   0.0 |   576
           D:3 |       0 |      87 |   0.0 |       0 |      16 |   0.0 |   405
               +---------+---------+-------+---------+---------+-------+---------
